 Dungeon Crawl Stone Soup version 0.29.0-13-gc9e81de378 (webtiles) character file.

Game seed: 6934638889133781463

63 Persephone the Poker (level 4, 0/39 HPs)
             Began as a Hill Orc Fighter on Sept 7, 2022.
             Frozen to death by an endoplasm (5 damage)
             ... on level 2 of the Dungeon.
             The game lasted 00:02:09 (1160 turns).

Persephone the Poker (Hill Orc Fighter)             Turns: 1160, Time: 00:02:11

Health: 0/39       AC:  6    Str: 18    XL:     4   Next: 10%
Magic:  4/4        EV:  9    Int:  8    God:
Gold:   78         SH:  4    Dex: 12    Spells: 3/3 levels left

rFire   . . .      SeeInvis .   a - +0 trident
rCold   . . .      Faith    .   c - +0 buckler
rNeg    . . .      Spirit   .   b - +0 scale mail
rPois   .          Reflect  .   (no helmet)
rElec   .          Harm     .   (no cloak)
rCorr   .          Rampage  .   (no gloves)
Will    .....                   (no boots)
Stlth   ..........              (no amulet)
HPRegen 0.13/turn               (no ring)
MPRegen 0.09/turn               (no ring)

@: mighty
A: no striking features
a: no special abilities


You were on level 2 of the Dungeon.
You visited 1 branch of the dungeon, and saw 2 of its levels.

You collected 78 gold pieces.

Inventory:

Hand Weapons
 a - a +0 trident (weapon)
Armour
 b - a +0 scale mail (worn)
 c - a +0 buckler (worn)
Jewellery
 i - an amulet of magic regeneration
Scrolls
 g - a scroll of enchant weapon {unknown}
 j - a scroll of magic mapping {unknown}
 l - a scroll of teleportation {unknown}
 m - a scroll of amnesia {unknown}
 n - a scroll of identify {unknown}
Potions
 e - a potion of heal wounds {unknown}
 f - 3 potions of flight {unknown}
 h - a potion of brilliance {unknown}
 k - a potion of resistance {unknown}
 o - a potion of curing {unknown}
 p - a potion of lignification {unknown}


   Skills:
 - Level 3.6 Fighting
 + Level 4.7 Polearms
 - Level 3.2 Armour
 - Level 3.2 Shields


You had 3 spell levels left.
You didn't know any spells.
Your spell library was empty.

Dungeon Overview and Level Annotations

Branches:
Dungeon (2/15)

Altars:

Annotations:
D:1 1 transporter


Message History

The hound bites you but does no damage. The quokka bites you.
Jessica casts a spell at you. You resist with some effort.
You block the hound's attack.
An endoplasm comes into view.
The endoplasm quivers.
Jessica casts a spell.
Jessica blinks!
The hound closely misses you.
The dart slug bites you but does no damage.
The quokka attacks as you move away! The quokka barely misses you.
Jessica hits you with a +0 dagger.
* * * LOW HITPOINT WARNING * * *
The hound bites you.
* * * LOW HITPOINT WARNING * * *
The dart slug bites you but does no damage.
You closely miss Jessica.
Jessica is severely wounded.
The quokka misses you. Jessica hits you but does no damage.
The hound bites you but does no damage.
The quokka bites you but does no damage.
You puncture Jessica!
You kill Jessica!
The hound bites you.
* * * LOW HITPOINT WARNING * * *
The dart slug misses you. The hound bites you.
* * * LOW HITPOINT WARNING * * *
The quokka bites you but does no damage.
You have reached level 4!
You hit the endoplasm.
The endoplasm is heavily wounded.
The hound bites you but does no damage.
The quokka bites you but does no damage.
The endoplasm hits you but does no damage.
The dart slug barely misses you. The hound barely misses you.
You puncture the hound!
The hound is severely wounded.
The quokka bites you but does no damage.
You block the hound's attack. The endoplasm freezes you.
You are frozen.
You die...

....# #..
..#.#.......#.#.###..
.......#.#...........
.#...#.....#...#.... #
...#....#....#..... .#
.#...#.....#.....# ..#
.......#.#.......# ...#
...............w.#....#
##+#...........h@.....#
#.#.†..##...#.rJ).####
##.#....##...#.....#
........##.........#
.†........#...#####.#
..........#..... .#
..........#...... .
.)..........#.... ##
.+########+...)..#


You could see a hound, a dart slug, an endoplasm and a quokka.

Vanquished Creatures
  Jessica (D:2)
  A ball python (D:2)
  An endoplasm (D:1)
  4 giant cockroaches (D:1)
  4 goblins
  2 hobgoblins
  4 jackals (D:1)
  5 kobolds
  A quokka (D:1)
  3 bats
  3 frilled lizards
  5 rats (D:1)
34 creatures vanquished.

Vanquished Creatures (others)
  A fungus (D:1)
  3 plants (D:1)
4 creatures vanquished.

Grand Total: 38 creatures vanquished

Notes
Turn   | Place    | Note
-------+----------+-------------------------------------------
     0 | D:1      | Persephone the Hill Orc Fighter began the quest for the
                  | Orb.
     0 | D:1      | Reached XP level 1. HP: 19/19 MP: 1/1
    30 | D:1      | Found Tyzosel's Distillery.
    75 | D:1      | Reached XP level 2. HP: 26/26 MP: 2/2
    79 | D:1      | Reached skill level 3 in Polearms
   526 | D:1      | Found a faded altar of an unknown god.
   787 | D:1      | Reached XP level 3. HP: 31/31 MP: 3/3
  1041 | D:2      | Reached skill level 4 in Polearms
  1144 | D:2      | Noticed Jessica
  1158 | D:2      | Killed Jessica
  1159 | D:2      | Reached XP level 4. HP: 5/39 MP: 4/4
  1160 | D:2      | Frozen to death by an endoplasm

Illustrated notes

Levels and vault maps discovered:
D:1:      spicycebolla_arrival_risky_transporter, layout_loops_ring,
          serial_shops, nicolae_diamond_shop, shapermc_ecumenical_altar_ellora,
          minmay_worlds_worst_comb
D:2:      layout_basic, nicolae_kite_square_tiling_tiny, minivault_11,
          uniq_jessica

Skill      XL: |  1  2  3 |
---------------+----------+-----
Polearms       | 3 4 |  4.7
Fighting       | |  3.6
Armour         | |  3.2
Shields        | |  3.2

Action                   |  1- 3 |  4- 6 || total
-------------------------+-------+-------++-------
Melee: Trident           |    99 |     2 ||   101
  Use: Potion            |     1 |       ||     1
Armor: Scale mail        |    43 |     4 ||    47
Dodge: Dodged            |    47 |     2 ||    49
Block: Buckler           |    20 |     1 ||    21
